 Dungeon Crawl Stone Soup version 0.31-a0-1074-g0b22e4e0f1 (webtiles) character file.

Game seed: 10853531850431786294

223 BigPumpCobain the Changeling (level 5, -1/66 HPs)
             Began as a Draconian Shapeshifter on Dec 7, 2023.
             Slain by a gnoll
             ... wielding a +0 halberd
              (5 damage)
             ... on level 3 of the Dungeon.
             The game lasted 00:04:21 (2014 turns).

BigPumpCobain the Changeling (DrSh)                 Turns: 2014, Time: 00:04:22

Health: -1/66      AC: 22    Str: 18    XL:     5   Next: 66%
Magic:  5/5        EV:  2    Int: 11    God:
Gold:   111        SH:  0    Dex: 10    Spells: 4/4 levels left

rFire   . .          .
                       - Unarmed
rCold   . . .        (no shield)
rNeg    . . .        (body armour unavailable)
rPois   +            (helmet currently unavailable)
rElec   .            (cloak currently unavailable)
rCorr   .            (gloves currently unavailable)
SInv    .            (boots currently unavailable)
Will    +....        (no amulet)
Stlth   +            (no ring)
HPRegen 0.31/turn    (no ring)
MPRegen 0.09/turn

%: no passive effects
@: tree-form, enlightened
A: stationary, stasis, torment immunity, boosted hp, AC +5, unfitting armour,
(cold-blooded)
a: no special abilities


You were on level 3 of the Dungeon.
You were a tree.
You visited 1 branch of the dungeon, and saw 4 of its levels.

You collected 111 gold pieces.

Inventory:

Hand Weapons
 d - a +0 battleaxe of freezing
 e - a +2 whip of pain
Talismans
 b - a beast talisman
 c - a flux talisman
Scrolls
 f - 4 scrolls of identify {unknown}
 i - a scroll of blinking {unknown}


   Skills:
 + Level 2.8 Fighting
 + Level 2.9 Dodging
 + Level 3.9 Unarmed Combat
 * Level 4.4 Shapeshifting


You had 4 spell levels left.
You didn't know any spells.
Your spell library contained the following spells:

 Spells                   Type           Power      Damage    Failure   Level
 Summon Guardian Golem    Hex/Summ       0%         N/A       71%         3
 Orb of Destruction       Conj           0%         9d5       100%        7
 Spellforged Servitor     Conj/Summ      0%         N/A       100%        7


Dungeon Overview and Level Annotations

Branches:
Dungeon (4/15)
 Temple: D:4-7

Altars:
Xom


Innate Abilities, Weirdness & Mutations

You are a tree.
Your roots penetrate the ground, keeping you stationary.
You cannot be teleported.
You are immune to unholy pain and torment.
Your maximum health is greatly increased.
Your equipment is partially melded.
((Your plain brown scales are hard. (AC +5)))
You cannot fit into any form of body armour.
((You are cold-blooded and may be slowed by cold attacks.))


Message History

You hit the gnoll.
The gnoll is moderately wounded.
The gnoll hits you with a +0 club.
The gnoll hits you but does no damage. x4
You closely miss the gnoll.
The gnoll is moderately wounded.
The gnoll hits you from afar with a +0 spear.
* * * LOW HITPOINT WARNING * * *
The gnoll hits you but does no damage. x4
You barely miss the gnoll.
The gnoll is almost dead.
The gnoll hits you but does no damage.
The gnoll hits you from afar with a +0 spear.
* * * LOW HITPOINT WARNING * * *
The gnoll hits you with a +0 club.
* * * LOW HITPOINT WARNING * * *
The gnoll hits you but does no damage.
You smack the gnoll!
You kill the gnoll!
The gnoll hits you but does no damage. x2; The gnoll hits you with a +0 whip.
* * * LOW HITPOINT WARNING * * *
You hit the gnoll.
The gnoll is severely wounded.
The quokka bites you but does no damage.
The gnoll hits you but does no damage. x5
You smack the gnoll!
You kill the gnoll!
The quokka bites you but does no damage.
The gnoll hits you but does no damage. x2; The gnoll completely misses you.
The gnoll hits you from afar with a +0 spear.
* * * LOW HITPOINT WARNING * * *
The quokka bites you but does no damage.
It was a potion of magic.
Magic courses through your body.
The quokka bites you but does no damage.
The gnoll barely misses you. x2; The gnoll hits you but does no damage. x2
It was a potion of enlightenment.
Your roots keep you in place.
The quokka bites you but does no damage.
The gnoll hits you but does no damage. The gnoll hits you with a +0 whip.
* * * LOW HITPOINT WARNING * * *
The gnoll hits you from afar with a +0 halberd.
You die...

##..............#
#.......#....### ###
##.(..†.#.##.# ..
#......#.##.# ..
#####.......## .#
###......#.#...# #.#
..+........#.#.##..# .
.##......###.#.#)gg#....
.##......# #.#..♣rg...._
.##......# #.....#g#....
.##......#######...# .
..[......... #.#.#
.........### #.#.#
.........# ... .
###......# .## ##
###.#### . .#


You could see 4 gnolls and a quokka.

Vanquished Creatures
  Jessica (D:2)
  Natasha (twice) (D:2)
  7 gnolls
  2 adders
  A worm (D:2)
  3 dart slugs
  7 ball pythons
  3 endoplasms
  A giant cockroach (D:2)
  2 goblins
  8 hobgoblins
  3 jackals
  5 kobolds
  3 quokkas
  6 bats
  2 frilled lizards
  4 rats
  A spectral goblin (D:1)
61 creatures vanquished.

Notes
Turn   | Place    | Note
-------+----------+-------------------------------------------
     0 | D:1      | BigPumpCobain the Draconian Shapeshifter began the quest
                  | for the Orb.
     0 | D:1      | Reached XP level 1. HP: 16/16 MP: 1/1
   112 | D:1      | Reached XP level 2. HP: 23/23 MP: 2/2
   381 | D:1      | Found a faded altar of an unknown god.
   421 | D:1      | Reached XP level 3. HP: 29/29 MP: 3/3
   686 | D:2      | Noticed Jessica
   691 | D:2      | Killed Jessica
   797 | D:2      | Reached XP level 4. HP: 27/36 MP: 4/4
  1008 | D:2      | Noticed Natasha
  1018 | D:2      | Killed Natasha
  1114 | D:2      | Noticed Natasha
  1128 | D:2      | Killed Natasha
  1129 | D:2      | Reached skill level 4 in Shapeshifting
  1444 | D:2      | Reached XP level 5. HP: 41/42 MP: 5/5
  1995 | D:3      | Found a shimmering altar of Xom.
  2014 | D:3      | Slain by a gnoll

Illustrated notes

Levels and vault maps discovered:
D:1:      dpeg_arrival_pits, layout_rooms,
          dreamdust_ecumenical_altar_drowned_temple
D:2:      layout_loops_ring, grunt_ministairs_9, kennysheep_generic_room_15,
          uniq_jessica, uniq_natasha
D:3:      layout_basic, fedhas_altar_fruit_tree, old_standard_altar,
          mainiacjoe_overflow_boulevard
D:4:      layout_rooms, general_overflow_altar

Skill      XL: |  1  2  3  4 |
---------------+-------------+-----
Dodging        | 2 |  2.9
Fighting       | 2 |  2.8
Shapeshifting  | 4 |  4.4
Unarmed Combat | |  3.9

Action                     |  1- 3 |  4- 6 || total
---------------------------+-------+-------++-------
  Melee: Unarmed           |    91 |    86 ||   177
         Tailslap          |     4 |    10 ||    14
         Punch             |       |     1 ||     1
    Use: Potion            |       |     3 ||     3
 Armour: Skin              |    56 |   103 ||   159
  Dodge: Dodged            |    62 |    53 ||   115

Table legend: (Time is in decaauts)
 A = Elapsed time spent in this place.
 B = Non-inter-level travel time spent in this place.
 C = Inter-level travel time spent in this place.
 D = Time resting spent in this place.
 E = Time spent auto-exploring this place.
 F = Levels seen in this place.
 G = Mean time per level.
                   A        B        C        D        E       F      G
               +--------+--------+--------+--------+--------+-----+--------+
         Total |   2010 |   1911 |     99 |     75 |   1435 |   4 |  502.5 |
       Dungeon |   2010 |   1911 |     99 |     75 |   1435 |   4 |  502.5 |
               +--------+--------+--------+--------+--------+-----+--------+

Top non-repeatable levels by time:
     D:2: 1084 daAuts
     D:1: 572 daAuts
     D:3: 263 daAuts
     D:4: 90 daAuts
